PR
LONG ISLAND DUCKS @ HICKSVILLE HOUNDS
06/09/2042
 
TOP OF THE 1ST
Long Island Ducks batting - Pitching for Hicksville Hounds : LHP Ricardo Hernández
Pitching: LHP Ricardo Hernández
Batting: RHB George Samuels 0-0: Ball
1-0: Foul Ball, location: 2F
1-1: Called Strike
1-2: Strikes out looking
Batting: RHB Abdul Razzad Zaimukhes 0-0: Foul Ball, location: 2F
0-1: Ball
1-1: Foul Ball, location: 2F
1-2: SINGLE (Line Drive, 6MD, EV 101.9 MPH)
Batting: RHB Alfredo Torres 0-0: Called Strike
0-1: SINGLE (Groundball, 56D, EV 100.6 MPH)
Abdul Razzad Zaimukhes to second
Batting: LHB Michizane Yamashita 0-0: Called Strike
0-1: Ball
1-1: Called Strike
1-2: Ball
2-2: Strikes out swinging
Batting: RHB Rob Fuller 0-0: Fly out, F8 (Flyball, 8RS, EV 82.5 MPH)
Top of the 1st over - 0 runs, 2 hits, 0 errors, 2 left on base; Long Island 0 - Hicksville 0
BOTTOM OF THE 1ST
Hicksville Hounds batting - Pitching for Long Island Ducks : RHP Katsumoto Ine
Pitching: RHP Katsumoto Ine
Batting: RHB Arturo Iglésias 0-0: Called Strike
0-1: Ball
1-1: Called Strike
1-2: Strikes out looking
Batting: RHB Jesús Renderos 0-0: Fly out, F5 (Popup, 5SF, EV 73.8 MPH)
Batting: LHB Timothy Hayes 0-0: Called Strike
0-1: Ball
1-1: Foul Ball, location: 2F
1-2: Foul Ball, location: 2F
1-2: Fly out, F6 (Line Drive, 6, EV 73.8 MPH)
Bottom of the 1st over - 0 runs, 0 hits, 0 errors, 0 left on base; Long Island 0 - Hicksville 0
TOP OF THE 2ND
Long Island Ducks batting - Pitching for Hicksville Hounds : LHP Ricardo Hernández
Batting: RHB Shu-yaan Seema 0-0: Foul Ball, location: 2F
0-1: Foul Ball, location: 2F
0-2: Foul Ball, location: 2F
0-2: Ball
1-2: Strikes out looking
Batting: LHB Danny Stone 0-0: Called Strike
0-1: SINGLE (Line Drive, 8RS, EV 101.2 MPH)
Batting: RHB Al Ruíz 0-0: Called Strike
0-1: Swinging Strike
0-2: Foul Ball, location: 2F
0-2: Strikes out swinging
Batting: RHB Tom Kelley 0-0: Ball
1-0: Foul Ball, location: 2F
1-1: Foul Ball, location: 2F
1-2: Ball
2-2: Ball
3-2: Fly out, F9 (Flyball, 89M, EV 89.4 MPH)
Top of the 2nd over - 0 runs, 1 hit, 0 errors, 1 left on base; Long Island 0 - Hicksville 0
BOTTOM OF THE 2ND
Hicksville Hounds batting - Pitching for Long Island Ducks : RHP Katsumoto Ine
Batting: RHB Ramiro Rivera 0-0: Ball
1-0: Called Strike
1-1: Called Strike
1-2: Ball
2-2: Strikes out looking
Batting: RHB Martín González 0-0: Called Strike
0-1: Ball
1-1: Ground out 4-3 (Groundball, 34, EV 103.1 MPH)
Batting: RHB Trent Davis 0-0: Fly out, F7 (Line Drive, 7, EV 92.5 MPH)
Bottom of the 2nd over - 0 runs, 0 hits, 0 errors, 0 left on base; Long Island 0 - Hicksville 0
TOP OF THE 3RD
Long Island Ducks batting - Pitching for Hicksville Hounds : LHP Ricardo Hernández
Batting: RHB George Samuels 0-0: Fly out, F4 (Line Drive, 4, EV 74.4 MPH)
Batting: RHB Abdul Razzad Zaimukhes 0-0: Ball
1-0: Fly out, F7 (Flyball, 7LDF, EV 94.4 MPH)
Batting: RHB Alfredo Torres 0-0: Foul Ball, location: 2F
0-1: Ball
1-1: Swinging Strike
1-2: DOUBLE (Groundball, 3L, EV 106.9 MPH)
Batting: LHB Michizane Yamashita 0-0: Called Strike
0-1: Called Strike
0-2: SINGLE (Flyball, 6D, EV 88.1 MPH)
Alfredo Torres to third
Batting: RHB Rob Fuller 0-0: Ball
1-0: Called Strike
1-1: Ball
2-1: Foul Ball, location: 2F
2-2: Strikes out swinging
Top of the 3rd over - 0 runs, 2 hits, 0 errors, 2 left on base; Long Island 0 - Hicksville 0
BOTTOM OF THE 3RD
Hicksville Hounds batting - Pitching for Long Island Ducks : RHP Katsumoto Ine
Batting: RHB Tim Stroud 0-0: Swinging Strike
0-1: Fly out, F9 (Flyball, 9, EV 91.9 MPH)
Batting: RHB Larry Thompson 0-0: Ball
1-0: Ball
2-0: Called Strike
2-1: Foul Ball, location: 2F
2-2: Ball
3-2: Fly out, F8 (Flyball, 8RM, EV 86.2 MPH)
Batting: RHB Will Barr 0-0: Ground out 6-3 (Groundball, 6M, EV 103.1 MPH)
Bottom of the 3rd over - 0 runs, 0 hits, 0 errors, 0 left on base; Long Island 0 - Hicksville 0
TOP OF THE 4TH
Long Island Ducks batting - Pitching for Hicksville Hounds : LHP Ricardo Hernández
Batting: RHB Shu-yaan Seema 0-0: Called Strike
0-1: Foul Ball, location: 2F
0-2: Ground out 4-3 (Groundball, 4, EV 85.6 MPH)
Batting: LHB Danny Stone 0-0: Ball
1-0: Ground out 4-3 (Groundball, 4, EV 90.0 MPH)
Batting: RHB Al Ruíz 0-0: Ball
1-0: Ground out 6-3 (Groundball, 6, EV 105.0 MPH)
Top of the 4th over - 0 runs, 0 hits, 0 errors, 0 left on base; Long Island 0 - Hicksville 0
BOTTOM OF THE 4TH
Hicksville Hounds batting - Pitching for Long Island Ducks : RHP Katsumoto Ine
Batting: RHB Arturo Iglésias 0-0: Ball
1-0: Called Strike
1-1: Ball
2-1: Fly out, F9 (Flyball, 9LSF, EV 92.5 MPH)
Batting: RHB Jesús Renderos 0-0: Foul Ball, location: 2F
0-1: Ball
1-1: Ground out 5-3 (Groundball, 56S, EV 85.6 MPH)
Batting: LHB Timothy Hayes 0-0: Ball
1-0: Ball
2-0: Ball
3-0: Base on Balls
Batting: RHB Ramiro Rivera 0-0: Ball
1-0: Foul Ball, location: 2F
1-1: Ball
2-1: Foul Ball, location: 2F
2-2: Fielders Choice at 2nd, 6-4 (Groundball, 6, EV 87.5 MPH)
Bottom of the 4th over - 0 runs, 0 hits, 0 errors, 1 left on base; Long Island 0 - Hicksville 0
TOP OF THE 5TH
Long Island Ducks batting - Pitching for Hicksville Hounds : LHP Ricardo Hernández
Batting: RHB Tom Kelley 0-0: Fly out, F8 (Flyball, 8LXD, EV 106.9 MPH)
Batting: RHB George Samuels 0-0: Ball
1-0: Called Strike
1-1: Called Strike
1-2: Foul Ball, location: 2F
1-2: Ball
2-2: Ground out 5-3 (Groundball, 5S, EV 83.8 MPH)
Batting: RHB Abdul Razzad Zaimukhes 0-0: Ball
1-0: Swinging Strike
1-1: Ball
2-1: Foul Ball, location: 2F
2-2: Ball
3-2: Base on Balls
Batting: RHB Alfredo Torres 0-0: Fly out, F8 (Flyball, 8LXD, EV 103.8 MPH)
Top of the 5th over - 0 runs, 0 hits, 0 errors, 1 left on base; Long Island 0 - Hicksville 0
BOTTOM OF THE 5TH
Hicksville Hounds batting - Pitching for Long Island Ducks : RHP Katsumoto Ine
Batting: RHB Martín González 0-0: Ball
1-0: Ball
2-0: Ball
3-0: Called Strike
3-1: SINGLE (Groundball, 6MD, EV 103.8 MPH)
Batting: RHB Trent Davis 0-0: Sac Bunt to 23 - play at first, batter OUT! 3-4
Martín González to second
Batting: RHB Tim Stroud 0-0: Ball
1-0: Foul Ball, location: 2F
1-1: Swinging Strike
1-2: Ground out 1-3 (Groundball, 15S, EV 70.6 MPH)
Batting: RHB Larry Thompson 0-0: Ball
1-0: Called Strike
1-1: Foul Ball, location: 2F
1-2: Ball
2-2: Foul Ball, location: 2F
2-2: Strikes out swinging
Bottom of the 5th over - 0 runs, 1 hit, 0 errors, 1 left on base; Long Island 0 - Hicksville 0
TOP OF THE 6TH
Long Island Ducks batting - Pitching for Hicksville Hounds : LHP Ricardo Hernández
Pitching: RHP Wop Koopman
Batting: LHB Michizane Yamashita 0-0: Ball
1-0: Ball
2-0: Foul Ball, location: 2F
2-1: Swinging Strike
2-2: Strikes out swinging
Batting: RHB Rob Fuller 0-0: Foul Ball, location: 2F
0-1: Ball
1-1: Swinging Strike
1-2: Strikes out swinging
Batting: RHB Shu-yaan Seema 0-0: Ball
1-0: Called Strike
1-1: Foul Ball, location: 2F
1-2: Fly out, F4 (Popup, 3S, EV 84.4 MPH)
Top of the 6th over - 0 runs, 0 hits, 0 errors, 0 left on base; Long Island 0 - Hicksville 0
BOTTOM OF THE 6TH
Hicksville Hounds batting - Pitching for Long Island Ducks : RHP Katsumoto Ine
Batting: RHB Will Barr 0-0: Called Strike
0-1: Ball
1-1: Foul Ball, location: 2F
1-2: Ball
2-2: Ball
3-2: Strikes out looking
Batting: RHB Arturo Iglésias 0-0: Ball
1-0: Foul Ball, location: 2F
1-1: Reached on error, E5 (Groundball, 56, EV 88.8 MPH)
Batting: RHB Jesús Renderos 0-0: Ball
1-0: Called Strike
Arturo Iglésias steals 2nd base
1-1: Ball
2-1: Foul Ball, location: 2F
2-2: Foul Ball, location: 2F
2-2: Foul Ball, location: 2F
2-2: Strikes out swinging
Batting: LHB Timothy Hayes 0-0: Ball
1-0: Ground out 4-3 (Groundball, 4M, EV 102.5 MPH)
Bottom of the 6th over - 0 runs, 0 hits, 1 error, 1 left on base; Long Island 0 - Hicksville 0
TOP OF THE 7TH
Long Island Ducks batting - Pitching for Hicksville Hounds : RHP Wop Koopman
Batting: LHB Danny Stone 0-0: Ball
1-0: Ball
2-0: Ball
3-0: Called Strike
3-1: Base on Balls
Pitching: RHP Mike Hopkins
Batting: RHB Al Ruíz 0-0: Ball
1-0: Sac Bunt to 2L - play at first, batter OUT! 2-4
Danny Stone to second
Batting: RHB Tom Kelley 0-0: Called Strike
0-1: Ball
1-1: Ball
2-1: Ball
3-1: Foul Ball, location: 2F
3-2: Strikes out swinging
Batting: RHB George Samuels 0-0: Called Strike
0-1: SINGLE (Groundball, 56, EV 78.8 MPH) (infield hit)
Danny Stone to third
Batting: RHB Abdul Razzad Zaimukhes 0-0: Swinging Strike
0-1: SINGLE (Groundball, 56D, EV 106.9 MPH)
Danny Stone scores
George Samuels to second
Batting: RHB Alfredo Torres 0-0: Ball
1-0: Fielders Choice at 2nd, U6 (Groundball, 6M, EV 100.0 MPH)
Top of the 7th over - 1 run, 2 hits, 0 errors, 2 left on base; Long Island 1 - Hicksville 0
BOTTOM OF THE 7TH
Hicksville Hounds batting - Pitching for Long Island Ducks : RHP Katsumoto Ine
Batting: RHB Ramiro Rivera 0-0: Called Strike
0-1: Called Strike
0-2: Ball
1-2: Ball
2-2: Foul Ball, location: 2F
2-2: Strikes out swinging
Batting: RHB Martín González 0-0: Foul Ball, location: 2F
0-1: Ball
1-1: Ground out 4-3 (Groundball, 4, EV 78.8 MPH)
Batting: RHB Trent Davis 0-0: Fly out, F7 (Flyball, 7S, EV 65.0 MPH)
Bottom of the 7th over - 0 runs, 0 hits, 0 errors, 0 left on base; Long Island 1 - Hicksville 0
TOP OF THE 8TH
Long Island Ducks batting - Pitching for Hicksville Hounds : RHP Mike Hopkins
Batting: LHB Michizane Yamashita 0-0: Fly out, F9 (Line Drive, 9D, EV 91.9 MPH)
Batting: RHB Rob Fuller 0-0: Foul Ball, location: 2F
0-1: Called Strike
0-2: Ball
1-2: Strikes out swinging
Batting: RHB Shu-yaan Seema 0-0: Called Strike
0-1: Ball
1-1: Called Strike
1-2: Ball
2-2: Foul Ball, location: 2F
2-2: Ball
3-2: SINGLE (Groundball, 56D, EV 109.4 MPH)
Batting: LHB Danny Stone 0-0: Ball
1-0: Foul Ball, location: 2F
1-1: Called Strike
1-2: Foul Ball, location: 2F
1-2: Ball
2-2: Single, Error in OF, E7, batter to second base (Line Drive, 78S, EV 102.5 MPH)
Shu-yaan Seema to third
Batting: RHB Al Ruíz 0-0: Ball
1-0: Swinging Strike
1-1: Swinging Strike
1-2: Ball
2-2: Foul Ball, location: 2F
2-2: Strikes out swinging
Top of the 8th over - 0 runs, 2 hits, 1 error, 2 left on base; Long Island 1 - Hicksville 0
BOTTOM OF THE 8TH
Hicksville Hounds batting - Pitching for Long Island Ducks : RHP Katsumoto Ine
Batting: RHB Tim Stroud 0-0: Ball
1-0: Ball
2-0: Foul Ball, location: 2F
2-1: Foul Ball, location: 2F
2-2: Strikes out swinging
Batting: RHB Larry Thompson 0-0: Ball
1-0: Ball
2-0: Foul Ball, location: 2F
2-1: Fly out, F6 (Line Drive, 6, EV 71.9 MPH)
Batting: RHB Will Barr 0-0: Called Strike
0-1: Swinging Strike
0-2: Strikes out swinging
Bottom of the 8th over - 0 runs, 0 hits, 0 errors, 0 left on base; Long Island 1 - Hicksville 0
TOP OF THE 9TH
Long Island Ducks batting - Pitching for Hicksville Hounds : RHP Mike Hopkins
Batting: RHB Tom Kelley 0-0: Ball
1-0: Foul Ball, location: 2F
1-1: Called Strike
1-2: Ball
2-2: Ground out 5-3 (Groundball, 56, EV 105.0 MPH)
Batting: RHB George Samuels 0-0: Called Strike
0-1: Ground out 6-3 (Groundball, 6S, EV 64.4 MPH)
Batting: RHB Abdul Razzad Zaimukhes 0-0: Swinging Strike
0-1: Foul Ball, location: 2F
0-2: Ball
1-2: Strikes out looking
Top of the 9th over - 0 runs, 0 hits, 0 errors, 0 left on base; Long Island 1 - Hicksville 0
BOTTOM OF THE 9TH
Hicksville Hounds batting - Pitching for Long Island Ducks : RHP Katsumoto Ine
Pitching: RHP Harvey Caldwell
Pinch Hitting: LHB Vic Trewick 0-0: Ball
1-0: Called Strike
1-1: Called Strike
1-2: Strikes out looking
Batting: RHB Jesús Renderos 0-0: Ball
1-0: Called Strike
1-1: Called Strike
1-2: Ball
2-2: SINGLE (Groundball, 6D, EV 96.2 MPH)
Batting: LHB Timothy Hayes 0-0: Called Strike
0-1: Ball
1-1: Called Strike
1-2: Foul Ball, location: 2F
1-2: Strikes out swinging
Batting: RHB Ramiro Rivera 0-0: Called Strike
0-1: Ball
Passed Ball!
Jesús Renderos to second
1-1: SINGLE (Line Drive, 89S, EV 111.2 MPH)
Jesús Renderos to third
Runner from 3rd tries for Home, throw by RF and OUT! 9-2
Bottom of the 9th over - 0 runs, 2 hits, 0 errors, 1 left on base; Long Island 1 - Hicksville 0
Friday, March 26th, 2021 - OOTP Baseball 20.8 Build 74